 Dungeon Crawl Stone Soup version 0.28.0-45-g0d030f2227 (webtiles) character file.

Game seed: 11927914705637924386

13975 protoss039 the Protected (level 12, 0/78 HPs)
             Began as a Gargoyle Fighter on Apr 9, 2022.
             Was the Champion of Okawaru.
             Slain by a centaur warrior skeleton (6 damage)
             ... on level 10 of the Dungeon.
             The game lasted 00:33:19 (13990 turns).

protoss039 the Protected (Gargoyle Fighter)        Turns: 13990, Time: 00:33:20

Health: 0/78       AC: 32    Str: 25    XL:     12   Next: 11%
Magic:  16/18      EV:  9    Int:  9    God:    Okawaru [******]
Gold:   599        SH:  7    Dex:  9    Spells: 11/11 levels left

rFire   . . .      SeeInvis .   l - +2 morningstar
rCold   . . .      Faith    .   K - +0 buckler
rNeg    + . .      Spirit   .   L - +0 plate armour
rPois   ∞          Reflect  .   p - +0 helmet
rElec   +          Harm     .   o - +0 cloak
rCorr   .          Rampage  .   q - +0 pair of gloves
Will    .....                   n - +0 pair of boots
Stlth   ..........              (no amulet)
HPRegen 0.23/turn               (no ring)
MPRegen 0.16/turn               (no ring)

@: heroic
A: sickness immunity, AC +8, negative energy resistance 1, electricity
resistance, torment resistance 1, petrification resistance
a: Renounce Religion, Heroism, Finesse, Duel


You were on level 10 of the Dungeon.
You worshipped Okawaru.
Okawaru was exalted by your worship.
You visited 2 branches of the dungeon, and saw 11 of its levels.

You collected 619 gold pieces.
You spent 20 gold pieces at shops.

Inventory:

Hand Weapons
 c - a +0 mace of holy wrath
 l - a +2 morningstar (weapon)
 w - a +2 dagger of venom
Missiles
 j - 5 throwing nets
 H - 3 silver boomerangs (quivered)
Armour
 n - a +0 pair of boots (worn)
 o - a +0 cloak (worn)
 p - a +0 helmet (worn)
 q - a +0 pair of gloves (worn)
 y - a +0 chain mail of cold resistance
 K - a +0 buckler (worn)
 L - a +0 plate armour (worn)
Wands
 u - a wand of digging (2)
 E - a wand of polymorph (5)
 G - a wand of paralysis (4)
Scrolls
 e - 3 scrolls of amnesia
 g - a scroll of identify
 h - 2 scrolls of fog
 i - 2 scrolls of blinking
 k - 5 scrolls of teleportation
 r - a scroll of fear {unknown}
 t - 2 scrolls of brand weapon {unknown}
 x - a scroll of magic mapping {unknown}
 A - 4 scrolls of enchant weapon {unknown}
 B - a scroll of immolation {unknown}
 J - a scroll of enchant armour {unknown}
Potions
 b - 2 potions of magic
 d - 2 potions of might
 f - a potion of curing
 m - a potion of ambrosia
 s - 3 potions of brilliance
 v - a potion of heal wounds
 z - a potion of flight {unknown}
 C - 2 potions of cancellation
 F - a potion of attraction {unknown}
 I - a potion of lignification {unknown}


   Skills:
 + Level 10.4(15.4) Fighting
 + Level 9.2(14.2) Maces & Flails
 + Level 10.5(15.5) Armour
 + Level 10.3(15.3) Shields
 - Level 8.0 Invocations


You had 11 spell levels left.
You didn't know any spells.
Your spell library contained the following spells:

 Spells                   Type           Power      Damage    Failure   Level
 Apportation              Tloc           0%         N/A       97%         1
 Foxfire                  Conj/Fire      0%         2x1d4     97%         1
 Freeze                   Ice            0%         1d3       97%         1
 Corpse Rot               Necr/Air       0%         N/A       99%         2
 Poisonous Vapours        Pois/Air       0%         N/A       99%         2
 Static Discharge         Conj/Air       0%         N/A       99%         2
 Conjure Flame            Conj/Fire      0%         6-21      100%        3
 Frozen Ramparts          Ice            0%         1d2       100%        3
 Inner Flame              Hex/Fire       0%         N/A       100%        3
 Dispel Undead            Necr           0%         3d6       100%        4
 Flame Wave               Conj/Fire      0%         2d4       100%        4
 Hailstorm                Conj/Ice       0%         3d3       100%        4
 Sticky Flame             Conj/Fire      0%         2d3       100%        4
 Lightning Bolt           Conj/Air       0%         1d11      100%        5
 Storm Form               Tmut/Air       0%         N/A       100%        7
 Maxwell's Capacitive Co  Air            0%         ∞         100%        8
 Animate Skeleton         Necr           Unusable   N/A       N/A         1
 Summon Small Mammal      Summ           Unusable   N/A       N/A         1
 Call Canine Familiar     Summ           Unusable   N/A       N/A         3
 Summon Guardian Golem    Hex/Summ       Unusable   N/A       N/A         3
 Summon Lightning Spire   Summ/Air       Unusable   N/A       N/A         4

Dungeon Overview and Level Annotations

Branches:
Dungeon (10/15)            Temple (1/1) D:5            Lair (0/6) D:9
    Orc: D:9-12

Altars:
Ashenzari
Cheibriados
Dithmenos
Elyvilon
Fedhas
Gozag
Hepliaklqana
Kikubaaqudgha
Makhleb
Nemelex Xobeh
Okawaru
Qazlal
Ru
Sif Muna
Trog
Uskayaw
Vehumet
Wu Jian
Xom
Yredelemnul
Zin
The Shining One
Jiyva

Shops:
D:2 ![*:   D:4 (

Annotations:
D:6 5 exclusions
D:7 5 exclusions


Innate Abilities, Weirdness & Mutations

You are immune to sickness and miasma.
Your stone body is resilient. (AC +8)
You are immune to poison.
You resist negative energy. (rN+)
You are resistant to electric shocks. (rElec)
You are resistant to unholy torment.
You are immune to petrification.


Message History

Unknown command.
You gain the combat prowess of a mighty hero.
The flying skull misses you.
The centaur warrior skeleton hits you but does no damage.
The centaur warrior skeleton kicks you but does no damage.
You block the centaur warrior skeleton's attack. x3
The centaur warrior skeleton misses you.
The flying skull hits you but does no damage.
Unknown command.
You sock the flying skull!
The flying skull is almost destroyed.
The centaur warrior skeleton closely misses you.
The centaur warrior skeleton kicks you but does no damage.
The flying skull barely misses you.
The centaur warrior skeleton barely misses you.
The centaur warrior skeleton kicks you but does no damage.
You hit the flying skull.
The flying skull is almost destroyed.
The flying skull hits you but does no damage.
You block the centaur warrior skeleton's attack.
The centaur warrior skeleton closely misses you.
The centaur warrior skeleton hits you but does no damage.
The centaur warrior skeleton kicks you.
* * * LOW HITPOINT WARNING * * *
You miss the flying skull.
The flying skull is almost destroyed.
The flying skull hits you.
* * * LOW HITPOINT WARNING * * *
The centaur warrior skeleton closely misses you.
The centaur warrior skeleton kicks you but does no damage.
The centaur warrior skeleton hits you.
* * * LOW HITPOINT WARNING * * *
The centaur warrior skeleton kicks you but does no damage.
You sock the flying skull!
You destroy the flying skull!
Okawaru accepts your kill.
The centaur warrior skeleton misses you.
The centaur warrior skeleton kicks you but does no damage.
The centaur warrior skeleton hits you.
You die...

# #......##)#########.#
#.#.##.##.# #)# #.#......># #.#
#........## #.# #........#
##.### #........# ##.#.#.
#........# ######.###..
.######.......# #..(..#.#.#.
..........Z@Z.###.....##....
............Z.........###...
........##..#####.....# #...
.######.##..#.ZZ.Zz...# #...
####.#...#.####.#### #...
#...Z.###...###<# #...
##########..# #.....#.# #...
......Z.Zp.W###...#.#[# ##...
......Z.z.........#.#.#####....


You could see a centaur skeleton and 2 centaur warrior skeletons.

Vanquished Creatures
  3 two-headed ogres
  Harold (D:9)
  A necromancer (D:10)
  Joseph (D:8)
  9 centaur zombies (D:10)
  An unseen horror (D:10)
  A kobold demonologist (D:9)
  A meliai zombie (D:10)
  2 flying skulls
  2 shadows (D:10)
  3 wraiths
  Sigmund (D:3)
  9 yaks
  A wyvern (D:8)
  2 steam dragons
  2 water moccasins (D:7)
  Duvessa (D:4)
  2 orc warriors
  3 ice beasts
  A black bear (D:9)
  A necrophage (D:5)
  3 ogres (D:5)
  2 centaurs
  A phantom (D:5)
  10 kobold brigands
  A gnoll sergeant (D:7)
  5 bullfrogs
  A scorpion (D:6)
  A wyvern skeleton (D:7)
  Dowan (D:4)
  4 wights
  6 howler monkeys
  2 hounds
  6 jellies
  6 centaur skeletons
  An orc priest (D:8)
  A gnoll shaman (D:5)
  Terence (D:2)
  2 iguanas (D:6)
  Natasha (thrice) (D:3)
  3 orc wizards
  A hound skeleton (D:5)
  Robin (D:3)
  A howler monkey zombie (D:8)
  3 howler monkey skeletons
  10 gnolls
  A river rat (D:5)
  8 adders
  A shadow imp (D:5)
  A white imp (D:6)
  2 ufetubi
  11 dart slugs
  15 orcs
  12 ball pythons
  4 endoplasms
  5 giant cockroaches
  10 hobgoblins
  4 jackals (D:2)
  21 kobolds
  2 quokkas
  6 bats
  15 frilled lizards
  15 goblins
  7 rats
264 creatures vanquished.

Vanquished Creatures (others)
  A bush (D:4)
  14 fungi (D:9)
  15 plants
30 creatures vanquished.

Grand Total: 294 creatures vanquished

Notes
Turn   | Place    | Note
-------+----------+-------------------------------------------
     0 | D:1      | protoss039 the Gargoyle Fighter began the quest for the
                  | Orb.
     0 | D:1      | Reached XP level 1. HP: 14/14 MP: 1/1
    67 | D:1      | Found a faded altar of an unknown god.
   115 | D:1      | Reached XP level 2. HP: 19/19 MP: 2/2
   788 | D:1      | Reached XP level 3. HP: 22/23 MP: 3/3
  1212 | D:2      | Found Xalujalu's General Store.
  1381 | D:2      | Bought a scroll of identify for 20 gold pieces
  1386 | D:2      | Found Patemmi's Antique Armour Boutique.
  1409 | D:2      | Found Tuwna's Distillery.
  1413 | D:2      | Reached XP level 4. HP: 29/29 MP: 4/4
  1660 | D:2      | Noticed Terence
  1688 | D:2      | Killed Terence
  1850 | D:2      | Found Vynkuuse's Book Emporium.
  2191 | D:3      | Reached XP level 5. HP: 33/33 MP: 5/5
  2196 | D:3      | Noticed Sigmund
  2337 | D:3      | Noticed Robin
  2530 | D:3      | Killed Robin
  2614 | D:3      | You fall into a shaft and drop 1 floor!
  2867 | D:3      | Noticed Natasha
  2876 | D:3      | Killed Natasha
  2913 | D:3      | Noticed Natasha
  2920 | D:3      | Killed Natasha
  2921 | D:3      | Reached XP level 6. HP: 26/39 MP: 6/6
  2923 | D:3      | Noticed Natasha
  2933 | D:3      | Killed Natasha
  3393 | D:3      | Killed Sigmund
  3394 | D:3      | Reached skill level 5 in Armour
  3505 | D:4      | Reached skill level 5 in Fighting
  3562 | D:4      | Reached skill level 5 in Shields
  3562 | D:4      | Reached XP level 7. HP: 38/44 MP: 7/7
  3583 | D:4      | Noticed Dowan
  3588 | D:4      | Noticed Duvessa
  3588 | D:4      | Found a broken altar of Ashenzari.
  3623 | D:4      | Killed Duvessa
  3728 | D:4      | Found Doewnu's Weapon Emporium.
  3753 | D:4      | Killed Dowan
  4437 | D:5      | Entered Level 5 of the Dungeon
  4690 | D:5      | Reached XP level 8. HP: 20/51 MP: 8/8
  4920 | D:5      | Found a staircase to the Ecumenical Temple.
  4931 | Temple   | Entered the Ecumenical Temple
  4936 | Temple   | Reached skill level 5 in Maces & Flails
  5239 | Temple   | Became a worshipper of Warmaster Okawaru
  5496 | D:5      | Reached skill level 1 in Invocations
  5799 | D:5      | Reached * piety under Okawaru
  6394 | D:6      | Reached XP level 9. HP: 42/56 MP: 10/10
  7094 | D:7      | Noticed a two-headed ogre
  7835 | D:7      | Reached ** piety under Okawaru
  8071 | D:7      | Killed a two-headed ogre
  8579 | D:7      | Reached XP level 10. HP: 57/64 MP: 13/13
  9023 | D:8      | Reached skill level 5 in Invocations
  9038 | D:8      | Reached *** piety under Okawaru
  9664 | D:8      | Found a viscous altar of Jiyva.
  9705 | D:8      | Noticed Joseph
  9737 | D:8      | Killed Joseph
 10516 | D:8      | HP: 3/65 [yak (11)]
 10534 | D:7      | Reached **** piety under Okawaru
 11008 | D:9      | Received a gift from Okawaru
 11073 | D:9      | Noticed a kobold demonologist
 11729 | D:9      | Noticed Harold
 11744 | D:9      | Killed Harold
 11745 | D:9      | Reached XP level 11. HP: 41/71 MP: 13/16
 12002 | D:9      | Reached ***** piety under Okawaru
 12063 | D:9      | Found a staircase to the Lair.
 12522 | D:10     | Entered Level 10 of the Dungeon
 12738 | D:10     | Noticed a necromancer
 12993 | D:10     | Noticed a two-headed ogre
 13006 | D:10     | Killed a two-headed ogre
 13288 | D:10     | Noticed a two-headed ogre
 13295 | D:10     | Killed a two-headed ogre
 13562 | D:10     | Killed a necromancer
 13574 | D:10     | Reached skill level 10 in Armour
 13589 | D:10     | Reached skill level 10 in Fighting
 13589 | D:10     | Reached skill level 10 in Shields
 13899 | D:10     | Reached ****** piety under Okawaru
 13900 | D:10     | Reached XP level 12. HP: 58/77 MP: 18/18
 13990 | D:10     | Slain by a centaur warrior skeleton

Illustrated notes

Levels and vault maps discovered:
D:1:      dpeg_arrival_pond, layout_basic,
          hellmonk_ecumenical_altar_pennies_from_heaven,
          minmay_misc_feat_enclosed, amethyst_killhole, minmay_misc_feat_cross,
          minmay_crystal_room, minmay_lizard_king
D:2:      layout_loops_ring, serial_shops, nicolae_shop_crystal, shop,
          shop_fountains, nicolae_shop_crystal, chequers_arboretum,
          minmay_misc_feat_ornament, uniq_terence
D:3:      kennysheep_slugbush, layout_rooms, minmay_liquid_box,
          grunt_ministairs_6, kennysheep_donut, uniq_natasha, uniq_sigmund,
          uniq_robin
D:4:      layout_loops_cross, nicolae_ashenzari_skybound, serial_shops,
          nicolae_shop_bloodbath_and_beyond, minmay_hedge_maze, uniq_duvessa
D:5:      minmay_recursive_quarters, layout_gridville,
          minmay_temple_entry_ruins, portal_sewer_entry_e
D:6:      layout_cave_pools
D:7:      layout_loops_ring
D:8:      wander_river, layout_rooms, eino_small_chamber_without_monster,
          jiyva_altar_1, uniq_joseph
D:9:      layout_stronghold, grunt_lair_entry_orc_guard_hut, uniq_harold
D:10:     hangedman_screamer, layout_loops_cross
Temple:   regret_index_temple_sigil_plot

Skill      XL: |  1  2  3  4  5  6  7  8  9 10 11 |
---------------+----------------------------------+-----
Armour         | 4 5 6 7 9 10 | 10.5
Fighting       | 4 5 6 7 9 10 | 10.4
Shields        | 4 5 6 7 9 10 | 10.3
Maces & Flails | 3 4 5 6 8 9 |  9.2
Invocations    | 2 4 6 8 |  8.0

Action                   |  1- 3 |  4- 6 |  7- 9 | 10-12 || total
-------------------------+-------+-------+-------+-------++-------
Melee: Flail             |   162 |   156 |   132 |    79 ||   529
       Dagger            |       |    21 |   316 |   105 ||   442
       Morningstar       |       |       |       |   333 ||   333
       Mace              |       |       |       |    61 ||    61
Throw: Throwing net      |       |       |       |     1 ||     1
       Boomerang         |       |       |       |     1 ||     1
Invok: Heroism           |       |       |       |     4 ||     4
Evoke: Wand              |       |       |     5 |     5 ||    10
  Use: Scroll            |     2 |     4 |     1 |     3 ||    10
       Potion            |       |       |     2 |     4 ||     6
 Stab: Paralysed         |       |       |       |     2 ||     2
Armor: Scale mail        |    88 |       |       |       ||    88
       Chain mail        |    12 |   132 |   313 |   215 ||   672
       Plate armour      |       |       |       |   388 ||   388
Dodge: Dodged            |    89 |    73 |   191 |   265 ||   618
Block: Buckler           |    39 |    34 |   129 |   207 ||   409
